 Dungeon Crawl Stone Soup version 0.28.0-53-g5a82cb258f (console) character file.

Game seed: 8671633435367508698

53 erker the Sneak (level 3, -4/21 HPs)
             Began as an Octopode Earth Elementalist on July 4, 2022.
             Slain by a scorpion (8 damage)
             ... on level 3 of the Dungeon.
             The game lasted 00:10:09 (1934 turns).

erker the Sneak (Octopode Earth Elementalist)       Turns: 1934, Time: 00:10:10

Health: -4/21      AC:  1    Str:  7    XL:     3   Next: 89%
Magic:  1/6        EV: 13    Int: 19    God:
Gold:   128        SH:  0    Dex: 12    Spells: 3/6 levels left

rFire   . . .      SeeInvis .   a - +0 dagger
rCold   . . .      Faith    .   (no shield)
rNeg    . . .      Spirit   .   (helmet restricted)
rPois   .          Reflect  .   (no amulet)
rElec   .          Harm     .   (no ring)
rCorr   .          Rampage  .   (no ring)
Will    .....                   (no ring)
Stlth   +++.......              (no ring)
HPRegen 0.07/turn               (no ring)
MPRegen 0.10/turn               (no ring)
                                (no ring)
                                (no ring)

@: no status effects
A: almost no armour, amphibious, 8 rings, camouflage 1, gelatinous body 1,
(nimble swimmer 1), tentacles
a: no special abilities


You were on level 3 of the Dungeon.
You visited 1 branch of the dungeon, and saw 3 of its levels.

You collected 128 gold pieces.

Inventory:

Hand Weapons
 a - a +0 dagger (weapon)
 m - a +0 spear
Missiles
 b - 49 stones
 h - 3 javelins (quivered)
Armour
 l - a +0 buckler
Scrolls
 e - a scroll of magic mapping {unknown}
 i - a scroll of enchant armour {unknown}
 j - a scroll of fog {unknown}
 k - a scroll of fear {unknown}
Potions
 c - a potion of ambrosia {unknown}
 d - 2 potions of flight {unknown}
 f - a potion of magic {unknown}
 g - a potion of invisibility {unknown}
 n - a potion of heal wounds {unknown}


   Skills:
 + Level 1.9 Short Blades
 - Level 2.0 Dodging
 - Level 4.0 Stealth
 - Level 2.0 Spellcasting
 - Level 2.0 Transmutations
 - Level 3.0 Earth Magic


You had 3 spell levels left.
You knew the following spells:

 Your Spells              Type           Power      Damage    Failure   Level
a - Sandblast             Erth           26%        2d8       4%          1
w - Passwall              Tmut/Erth      9%         N/A       9%          2

Your spell library contained the following spells:

 Spells                   Type           Power      Damage    Failure   Level
 Beastly Appendage        Tmut           18%        N/A       8%          1
 Wereblood                Tmut           9%         N/A       11%         2
 Animate Skeleton         Necr           2%         N/A       17%         1
 Apportation              Tloc           2%         N/A       17%         1
 Summon Small Mammal      Summ           4%         N/A       17%         1
 Blink                    Tloc           2%         N/A       26%         2
 Stone Arrow              Conj/Erth      14%        3d7       26%         3
 Spider Form              Tmut/Pois      5%         N/A       32%         3
 Lesser Beckoning         Tloc           1%         N/A       45%         3
 Petrify                  Tmut/Erth      11%        N/A       52%         4
 Manifold Assault         Tloc           1%         N/A       99%         5


Dungeon Overview and Level Annotations

Branches:
Dungeon (3/15)

Altars:

Annotations:
D:3 exclusions: orc and orc priest


Innate Abilities, Weirdness & Mutations

You cannot wear most types of armour.
You are amphibious.
You can wear up to eight rings at the same time.
Your skin changes colour to match your surroundings (Stealth+).
Your rubbery body absorbs attacks. (AC +1, EV +1)
((You are camouflaged when in or above water. (Stealth+)))
You have tentacles for arms and can constrict up to eight enemies at once.


Message History

Throw: 3 javelins
Press: ? - help, Q - select action, (/) - cycle Shift-Dir - straight line, f/p - scorpion
Aim: a scorpion (56% to hit)
Okay, then.
Casting: Passwall (safe; 9% risk of failure)
Confirm with . or Enter, or press ? or * to list all spells.
Aiming: Sandblast (safe; 4% risk of failure)
Press: ? - help, Shift-Dir - straight line, f/p - scorpion
Aim: a scorpion (79% to hit)
The blast of sand hits the scorpion but does no damage.
b - 52 stones
Casting: Sandblast (safe; 4% risk of failure)
Confirm with . or Enter, or press ? or * to list all spells.
Aiming: Sandblast (safe; 4% risk of failure)
Press: ? - help, Shift-Dir - straight line, f/p - scorpion
Aim: a scorpion (79% to hit)
The blast of sand hits the scorpion.
The scorpion is lightly wounded.
b - 51 stones The scorpion closely misses you.
Casting: Sandblast (safe; 4% risk of failure)
Confirm with . or Enter, or press ? or * to list all spells.
Aiming: Sandblast (safe; 4% risk of failure)
Press: ? - help, Shift-Dir - straight line, f/p - scorpion
Aim: a scorpion (lightly wounded, 79% to hit)
The blast of sand hits the scorpion!
The scorpion is heavily wounded.
b - 50 stones The scorpion stings you! x2
* * * LOW HITPOINT WARNING * * *
Casting: Sandblast (safe; 4% risk of failure)
Confirm with . or Enter, or press ? or * to list all spells.
Aiming: Sandblast (safe; 4% risk of failure)
Press: ? - help, Shift-Dir - straight line, f/p - scorpion
Aim: a scorpion (heavily wounded, 79% to hit)
The blast of sand hits the scorpion but does no damage.
The scorpion is heavily wounded.
b - 49 stones The scorpion stings you!
You die...

##...###### #####.....$.........#
..........# #.....((............#
.(###+###'###'###...............#
)÷# #......)#..#...............#
..# #.......#..#...............#
..'..'###+###'..'...)...........#
..#..# +.#..#...............#
###..# #.#..#s......#######.# '
#+ #.'##@.....). #.#
#.#..###############.#
+.#..#...........†....
##+..'.#....########.#
#..###....# #.. #..# #....# ##.
+### #....# #. #....# ## #....# #


You could see a scorpion.

Vanquished Creatures
  2 adders
  3 ball pythons
  2 endoplasms
  5 goblins
  2 hobgoblins
  5 kobolds
  3 quokkas
  9 bats
  A rat (D:1)
32 creatures vanquished.

Notes
Turn   | Place    | Note
-------+----------+-------------------------------------------
     0 | D:1      | erker the Octopode Earth Elementalist began the quest for
                  | the Orb.
     0 | D:1      | Reached XP level 1. HP: 11/11 MP: 3/3
   202 | D:1      | Reached XP level 2. HP: 12/17 MP: 5/5
   436 | D:1      | Reached skill level 3 in Stealth
   470 | D:1      | Learned a level 2 spell: Passwall
  1017 | D:2      | Reached skill level 4 in Stealth
  1017 | D:2      | Reached XP level 3. HP: 19/21 MP: 2/6
  1207 | D:2      | Reached skill level 1 in Short Blades
  1538 | D:3      | Identified the +0 robe of Gece {*Slow Fly Will+ Str+2}
  1567 | D:3      | Noticed a scorpion
  1934 | D:3      | Slain by a scorpion

Illustrated notes

Levels and vault maps discovered:
D:1:      wheals_arrival_shading, layout_loops_ring
D:2:      layout_basic
D:3:      layout_basic, mainiacjoe_overflow_24_doors

Skill      XL: |  1  2  3 |
---------------+----------+-----
Transmutations | 2 |  2.0
Stealth        | 4 |  4.0
Short Blades   | 1 |  1.9
Dodging        | |  2.0
Spellcasting   | |  2.0
Earth Magic    | |  3.0

Action                   || total
-------------------------++-------
Melee: Dagger            ||    56
       Constrict         ||    11
       Tentacles         ||    10
       Punch             ||     1
Throw: Javelin           ||     2
 Cast: Sandblast         ||    15
       Passwall          ||     5
 Stab: Sleeping          ||    12
Armor: Skin              ||     7
Dodge: Dodged            ||    49
